 Dungeon Crawl Stone Soup version 0.21.1-1-g345015fe64 (webtiles) character file.

174 Oravi the Slinger (level 5, -1/34 HPs)
             Began as a Halfling Hunter on Apr 18, 2018.
             Slain by Purgy (4 damage)
             ... on level 3 of the Dungeon.
             The game lasted 00:07:46 (1761 turns).

Oravi the Slinger (Halfling Hunter)                 Turns: 1761, Time: 00:07:47

Health: -1/34      AC:  4    Str: 13    XL:     5   Next: 84%
Magic:  5/5        EV: 12    Int:  9    God:
Gold:   110        SH:  7    Dex: 16    Spells: 4/4 levels left

rFire    . . .     SeeInvis .   a - +1 hunting sling
rCold    . . .     Gourm    .   m - +0 shield
rNeg     . . .     Faith    .   c - +0 leather armour
rPois    .         Spirit   .   w - +0 helmet
rElec    .         Reflect  .   (no cloak)
rCorr    .         Harm     .   (no gloves)
MR       .....                  (no boots)
Stlth    ++........             (no amulet)
HPRegen  0.11/turn              (no ring)
MPRegen  0.09/turn              (no ring)

@: no status effects
A: small, mutation resistance 1
a: no special abilities


You were on level 3 of the Dungeon.
You were not hungry.

You visited 1 branch of the dungeon, and saw 3 of its levels.

You collected 110 gold pieces.

Inventory:

Hand Weapons
 a - a +1 hunting sling (weapon)
 b - a +0 short sword
 u - a +0 dagger of protection
Missiles
 d - 29 sling bullets (quivered)
 h - 128 stones
Armour
 c - a +0 leather armour (worn)
 m - a +0 shield (worn)
 w - a +0 helmet (worn)
Wands
 e - a wand of random effects (13)
Scrolls
 p - a scroll of remove curse
Potions
 j - a potion of flight
 n - a potion of resistance
 o - a potion of magic {unknown}
 q - 2 potions of agility {unknown}
 s - a potion of curing {unknown}
 t - a potion of ambrosia {unknown}
Comestibles
 f - 9 rations
 g - a chunk of flesh


   Skills:
 + Level 2.0 Fighting
 + Level 9.2 Slings
 + Level 1.0 Armour
 + Level 2.3 Dodging
 - Level 1.1 Stealth


You had 4 spell levels left.
You didn't know any spells.

Dungeon Overview and Level Annotations

Branches:
Dungeon (3/15)

Altars:
Gozag

Annotations:
D:3 Purgy


Innate Abilities, Weirdness & Mutations

You are small and have problems with some larger weapons.
You are somewhat resistant to further mutation.


Message History

Firing (i - inventory. (,) - cycle):
d - 32 sling bullets (quivered)
Press: ? - help, Shift-Dir - straight line, f/p - Purgy
Aim: Purgy (severely wounded)
You shoot a sling bullet. The sling bullet hits Purgy.
Purgy is severely wounded.
Purgy closely misses you. You block Purgy's attack. Purgy misses you.
Firing (i - inventory. (,) - cycle):
d - 31 sling bullets (quivered)
Press: ? - help, Shift-Dir - straight line, f/p - Purgy
Aim: Purgy (severely wounded)
You shoot a sling bullet. The sling bullet barely misses Purgy.
Purgy bites you!
* * * LOW HITPOINT WARNING * * *
Purgy claws you but does no damage. You block Purgy's attack.
Firing (i - inventory. (,) - cycle):
d - 30 sling bullets (quivered)
Press: ? - help, Shift-Dir - straight line, f/p - Purgy
Aim: Purgy (severely wounded)
You shoot a sling bullet. The sling bullet hits Purgy!
Purgy is almost dead.
Purgy barely misses you. Purgy claws you.
You die...

P≈≈≈####..#####.# ♣≈≈P# #..#
##.##
..#.####..####...#########.#
........ ...................
........ .#.##...###........
.#.####. # ##.## #.#####.#
.#.# #.# #.# .#.# #.####.#
.# # #.@T?.(# .#
####......$.. .# .....####..
.. ####.... ..#### ###


You could see Purgy.

Vanquished Creatures
  Ijyb (D:3)
  Terence (D:2)
  Natasha (D:3)
  Robin (D:2)
  3 adders (D:2)
  2 oozes (D:1)
  2 leopard geckos (D:2)
  A ball python (D:1)
  A giant cockroach (D:1)
  11 goblins
  8 hobgoblins
  3 jackals (D:1)
  3 kobolds
  6 bats
  3 frilled lizards (D:1)
  2 rats (D:1)
49 creatures vanquished.

Notes
Turn   | Place    | Note
-------+----------+-------------------------------------------
     0 | D:1      | Oravi the Halfling Hunter began the quest for the Orb.
     0 | D:1      | Reached XP level 1. HP: 14/14 MP: 1/1
    14 | D:1      | Reached skill level 6 in Slings
   218 | D:1      | Reached XP level 2. HP: 19/19 MP: 2/2
   412 | D:1      | Reached XP level 3. HP: 24/24 MP: 3/3
   477 | D:1      | Reached skill level 7 in Slings
   699 | D:2      | Found an opulent altar of Gozag.
   779 | D:2      | Reached XP level 4. HP: 28/29 MP: 4/4
   854 | D:2      | Noticed Terence
   869 | D:2      | Killed Terence
   869 | D:2      | Reached skill level 8 in Slings
  1209 | D:2      | Reached XP level 5. HP: 34/34 MP: 5/5
  1214 | D:2      | Noticed Robin
  1218 | D:2      | Killed Robin
  1223 | D:2      | Reached skill level 1 in Armour
  1510 | D:3      | Noticed Ijyb
  1534 | D:3      | Killed Ijyb
  1628 | D:3      | Noticed Natasha
  1647 | D:3      | Killed Natasha
  1647 | D:3      | Reached skill level 9 in Slings
  1741 | D:3      | Noticed Purgy
  1761 | D:3      | Slain by Purgy

Skill      XL: |  1  2  3  4  5 |
---------------+----------------+-----
Slings         | 6 7 8 9 |  9.2
Armour         | 1 |  1.0
Fighting       | 2 |  2.0
Dodging        | |  2.3
Stealth        | |  1.1

Action                   |  1- 3 |  4- 6 || total
-------------------------+-------+-------++-------
 Fire: Hunting sling     |    65 |   121 ||   186
  Use: Scroll            |     4 |     6 ||    10
       Potion            |       |     1 ||     1
  Eat: Chunk             |       |     2 ||     2
Armor: Leather armour    |     1 |    11 ||    12
       Skin              |       |    10 ||    10
Dodge: Dodged            |     7 |    22 ||    29
Block: Shield            |     6 |     9 ||    15
